 Dungeon Crawl Stone Soup version 0.31.0-12-g77e489cdc1 (webtiles) character file.

Game seed: 14579101901556017256

279 jimonade the Cleaver (level 6, -1/51 HPs)
             Began as a Hill Orc Monk on Mar 2, 2024.
             Succumbed to a water moccasin's poison
             ... on level 4 of the Dungeon.
             The game lasted 00:05:44 (3331 turns).

jimonade the Cleaver (Hill Orc Monk)                Turns: 3331, Time: 00:05:45

Health: -1/51      AC:  5    Str: 16    XL:     6   Next: 26%
Magic:  6/6        EV: 11    Int: 10    God:
Gold:   141        SH:  0    Dex: 13    Spells: 5/5 levels left

rFire   . . .        a - +0 war axe
rCold   . . .        d - orb {light}
rNeg    . . .        m - +0 ring mail
rPois   .            (no helmet)
rElec   .            (no cloak)
rCorr   .            (no gloves)
SInv    .            (no boots)
Will    .....        (no amulet)
Stlth   +            (no ring)
HPRegen 0.28/turn    (no ring)
MPRegen 0.10/turn

%: no passive effects
@: lethally poisoned (-1 -> -15), glowing
A: no striking features
a: Convert to Beogh


You were on level 4 of the Dungeon.
You visited 1 branch of the dungeon, and saw 4 of its levels.

You collected 163 gold pieces.
You spent 22 gold pieces at shops.

Inventory:

Hand Weapons
 a - a +0 war axe (weapon)
 x - a +0 sling
 y - a +0 hand axe
 E - a +2 mace of draining
Missiles
 f - 19 stones (quivered)
Armour
 b - a +0 robe
 d - an orb of light (worn)
 j - a +0 leather armour
 m - a +0 ring mail (worn)
 D - a +2 cloak of stealth
Jewellery
 h - a ring of fire
 F - a ring of see invisible
Talismans
 e - a dragon-blood talisman
Wands
 s - a wand of charming (10)
 z - a wand of light (12)
Scrolls
 g - 2 scrolls of identify
 n - a scroll of blinking
 p - 2 scrolls of revelation
 q - a scroll of teleportation
 t - a scroll of enchant weapon
 v - a scroll of immolation {unknown}
 A - a scroll of poison {unknown}
 B - a scroll of amnesia {unknown}
 C - 3 scrolls of enchant armour {unknown}
 G - a scroll of butterflies {unknown}
Potions
 c - a potion of ambrosia
 i - a potion of enlightenment {unknown}
 k - 2 potions of mutation {unknown}
 l - 4 potions of curing {unknown}
 o - 2 potions of cancellation {unknown}
 r - 2 potions of heal wounds {unknown}
 u - a potion of berserk rage {unknown}
 w - 3 potions of haste {unknown}


   Skills:
 - Level 3.6 Fighting
 + Level 9.0 Axes
 - Level 2.4 Dodging


You had 5 spell levels left.
You didn't know any spells.
Your spell library contained the following spells:

 Spells                   Type           Power      Damage    Failure   Level
 Magic Dart               Conj           0%         1d3       58%         1
 Necrotise                Necr           0%         1d4       58%         1
 Slow                     Hex            0%         N/A       58%         1
 Searing Ray              Conj           0%         2d4       73%         2
 Confusing Touch          Hex            0%         N/A       91%         3
 Sigil of Binding         Hex            0%         N/A       91%         3
 Vampiric Draining        Necr           0%         2d6       91%         3
 Fulminant Prism          Conj/Alch      0%         3d5       100%        4
 Martyr's Knell           Necr/Summ      0%         N/A       100%        4
 Curse of Agony           Necr           0%         N/A       100%        5


Dungeon Overview and Level Annotations

Branches:
Dungeon (4/15) Zot: 20661
 Temple: D:4-7

Altars:
Ashenzari
Cheibriados
Elyvilon
Gozag
Yredelemnul

Shops:
D:3 ?


Message History

You hit the scorpion but do no damage. The scorpion closely misses you.
You slash the scorpion!
The scorpion is heavily wounded.
The scorpion stings you but does no damage.
You slash the scorpion!
The scorpion is almost dead.
The scorpion closely misses you.
The scorpion stings you but does no damage.
You slash the scorpion!
You kill the scorpion!
Your Axes skill increases to level 9!
You have reached level 6!
Found a stone staircase leading down.
Found a stone staircase leading down.
A kobold comes into view. It is wielding a +0 short sword.
The kobold shouts!
There is a stone staircase leading down here.
The kobold throws a stone.
The stone hits you.
A quokka comes into view.
You closely miss the kobold.
The kobold hits you with a +0 short sword.
You barely miss the kobold. The kobold misses you.
You hit the kobold but do no damage. The kobold hits you but does no damage.
You slash the kobold!
You kill the kobold!
You hit the quokka.
The quokka is heavily wounded.
The quokka bites you.
The quokka bites you but does no damage.
You closely miss the quokka.
The quokka is heavily wounded.
The quokka bites you but does no damage.
You slash the quokka!
You kill the quokka!
No target in view!
No target in view!
f - 19 stones (gained 5)
Things that are here:
a +0 short sword; a kobold corpse An orc and an endoplasm come into view.
The orc shouts!
The endoplasm quivers.
There are monsters nearby!
An orc priest comes into view.
It is wielding a +0 falchion. 2 orcs come into view.
The orc priest shouts, "Beogh is our master!
Accept the truth or die!" (press Y on the ability menu to convert to Beogh)
The orc priest shouts!
The orc shouts!
You hear an angry hiss.
The endoplasm freezes you.
You are frozen.
A water moccasin comes into view.
The orc moves out of view.
You hit the endoplasm.
The endoplasm is severely wounded.
The endoplasm barely misses you.
You hit the endoplasm but do no damage.
The endoplasm is severely wounded.
The endoplasm freezes you.
You are frozen.
You slash the endoplasm!
You kill the endoplasm!
You barely miss the orc. You slash the orc!
You kill the orc!
You hit the water moccasin.
The water moccasin is lightly wounded.
The water moccasin bites you. The water moccasin bites you!
You are poisoned.
The water moccasin poisons you!
You barely miss the water moccasin.
The water moccasin is lightly wounded.
You feel very sick. The water moccasin closely misses you.
You slash the water moccasin!
The water moccasin is heavily wounded.
You feel very sick. The water moccasin bites you.
You are lethally poisoned!
The water moccasin poisons you! The water moccasin closely misses you.
You hit the water moccasin.
The water moccasin is severely wounded.
You hit the orc priest.
* * * LOW HITPOINT WARNING * * *
You feel very sick. The orc priest barely misses you.
The water moccasin barely misses you. The orc priest barely misses you.
You slash the water moccasin!
The water moccasin is almost dead.
You hit the orc priest.
* * * LOW HITPOINT WARNING * * *
You feel very sick. The water moccasin bites you.
* * * LOW HITPOINT WARNING * * *
The water moccasin bites you but does no damage.
The orc priest hits you with a +0 falchion.
* * * LOW HITPOINT WARNING * * *
You hit the water moccasin.
You kill the water moccasin!
You barely miss the orc priest.
You die...

..# oS #.# o.# ..
##.# #..##########
#.##........###
######.#@..........#
#.....o†o..........#
#.###.#o...........#
#..............#
....
...#..............#
..r# ..
#..............# ...
..#...............#
..#
.##...............#
#### ..
.#....###....>....#


You could see an orc priest and 2 orcs.

Vanquished Creatures
  A water moccasin (D:4)
  A scorpion (D:4)
  A bombardier beetle (D:3)
  Crazy Yiuf (D:3)
  3 gnolls (D:4)
  4 adders
  3 dart slugs
  A ribbon worm (D:3)
  8 orcs
  8 ball pythons
  2 bats
  7 endoplasms
  4 giant cockroaches
  9 goblins
  4 hobgoblins
  2 jackals (D:3)
  9 kobolds
  5 quokkas
  A frilled lizard (D:2)
  4 rats
78 creatures vanquished.

Notes
Turn   | Place    | Note
-------+----------+-------------------------------------------
     0 | D:1      | jimonade the Hill Orc Monk began the quest for the Orb.
     0 | D:1      | Reached XP level 1. HP: 19/19 MP: 1/1
   111 | D:1      | Reached XP level 2. HP: 10/26 MP: 2/2
   442 | D:1      | Reached skill level 5 in Axes
   744 | D:2      | Reached XP level 3. HP: 30/31 MP: 3/3
   865 | D:2      | Reached skill level 6 in Axes
  1509 | D:3      | Found Tyutibod's Magic Scroll Emporium.
  1513 | D:3      | Bought a scroll of identify for 22 gold pieces
  1561 | D:3      | Found a white marble altar of Elyvilon.
  1571 | D:3      | Reached XP level 4. HP: 18/39 MP: 4/4
  1787 | D:3      | Found a faded altar of an unknown god.
  1989 | D:3      | Found an opulent altar of Gozag.
  2137 | D:3      | Reached skill level 7 in Axes
  2137 | D:3      | Reached XP level 5. HP: 45/45 MP: 5/5
  2282 | D:3      | Found a runed translucent door.
  2283 | D:3      | Noticed Crazy Yiuf
  2360 | D:3      | Found a faded altar of an unknown god.
  2380 | D:3      | Found a snail-covered altar of Cheibriados.
  2703 | D:3      | Killed Crazy Yiuf
  2705 | D:3      | HP: 2/45 [poisoned by Crazy Yiuf]
  3019 | D:4      | Reached skill level 8 in Axes
  3043 | D:4      | Found a basalt altar of Yredelemnul.
  3165 | D:4      | Found a broken altar of Ashenzari.
  3257 | D:4      | Reached skill level 9 in Axes
  3257 | D:4      | Reached XP level 6. HP: 51/51 MP: 6/6
  3317 | D:4      | Noticed a water moccasin
  3331 | D:4      | Killed a water moccasin
  3331 | D:4      | Succumbed to a water moccasin's poison

Illustrated notes

Levels and vault maps discovered:
D:1:      scummos_arrival_forest, layout_basic
D:2:      layout_loops_ring
D:3:      minmay_evil_eye, layout_loops_ring, nicolae_gozag_seed_capital,
          mainiacjoe_overflow_cross_hatched, nicolae_overflow_ecumenical_swirl,
          serial_shops, nicolae_shop_hallway_stairs,
          hellmonk_ecumenical_altar_dog_temple, uniq_crazy_yiuf_cottage
D:4:      layout_cave_pods, grunt_temple_overflow_order_and_chaos_2,
          mainiacjoe_overflow_catwalk, nicolae_ashenzari_panopticon,
          amcnicky_altar_gilded, marbit_many_paths,
          mainiacjoe_overflow_concentric_impassable, kennysheep_mini_moat,
          serial_column_ruins, column_ruins_hut, column_ruins_grid_5,
          column_ruins_columns_straight, column_ruins_open_small,
          column_ruins_open_tiny_water, column_ruins_grid_1,
          column_ruins_open_small, minmay_misc_feat_chi

Skill      XL: |  1  2  3  4  5 |
---------------+----------------+-----
Axes           | 5 6 7 9 |  9.0
Fighting       | |  3.6
Dodging        | |  2.4

Action                     |  1- 3 |  4- 6 || total
---------------------------+-------+-------++-------
  Melee: Hand axe          |    89 |    53 ||   142
         War axe           |       |    78 ||    78
    Use: Scroll            |     4 |       ||     4
 Armour: Robe              |    12 |       ||    12
         Ring mail         |    44 |    63 ||   107
         Leather armour    |     2 |       ||     2
  Dodge: Dodged            |    39 |    71 ||   110
